[Event "Titled Tuesday Blitz March 28 Late 2023"]
[White "Kiselev, Pavel"]
[Black "dorpato"]
[WhiteFideId "4191102"]
[WhiteElo "2145"]
[BlackElo "2035"]
[Result "1-0"]
[Round "04"]
[TimeControl "180+2"]
[Date "2023.03.28"]
[WhiteClock "0:01:02"]
[BlackClock "0:00:12"]

1. Nf3 Nf6 2. d4 d5 3. c4 e6 4. g3 Be7 5. Bg2 O-O 6. O-O b6 7. b3 Bb7 8. Ne5 Nbd7 9. Bf4 Nxe5 10. dxe5 Ne8 11. Nc3 c6 12. Qc2 Rc8 13. Rad1 Qc7 14. e4 dxc4 15. bxc4 Qb8 16. Rd2 Nc7 17. Rfd1 Rfd8 18. Rd6 Na6 19. Qd2 Nc5 20. Qd4 Bxd6 21. exd6 Nd7 22. e5 c5 23. Qe3 Bxg2 24. Kxg2 Qb7+ 25. Kg1 Re8 26. Nb5 f6 27. Nc7 Rxc7 28. dxc7 Qxc7 29. exf6 e5 30. f7+ Kxf7 31. Bg5 Nf6 32. Qd3 h6 33. Bxf6 Kxf6 34. Qf3+ Ke7 35. Qg4 Kf6 36. Rd7 Qc6 37. Qxg7+ Ke6 38. Qf7# 1-0


[Site "https://www.chess.com"]

[Event "Titled Tuesday Blitz March 28 Late 2023"]
[White "OKEKE, Isaac Chukwudalu"]
[Black "Maluco_do_Natal_00"]
[WhiteFideId "8508526"]
[WhiteElo "2161"]
[BlackElo "2030"]
[Result "1/2-1/2"]
[Round "04"]
[TimeControl "180+2"]
[Date "2023.03.28"]
[WhiteClock "0:00:46"]
[BlackClock "0:00:11"]

1. e4 c5 2. Nf3 Nc6 3. d4 cxd4 4. Nxd4 Nf6 5. Nc3 e5 6. Ndb5 d6 7. Bg5 a6 8. Na3 b5 9. Nd5 Be7 10. Bxf6 Bxf6 11. c3 Bg5 12. Be2 O-O 13. O-O Be6 14. Nc2 Ne7 15. Nce3 Bxe3 16. Nxe3 d5 17. exd5 Nxd5 18. Nxd5 Bxd5 19. Qd2 Bc6 20. Qxd8 Raxd8 21. Rfd1 g6 22. f3 f5 23. Kf2 Kf7 24. g3 g5 25. f4 gxf4 26. gxf4 exf4 27. Bf3 Be4 28. Rxd8 Rxd8 29. Re1 Rd2+ 30. Re2 Rxe2+ 31. Bxe2 Ke6 32. a4 Bc6 33. axb5 axb5 34. Bd3 Ke5 35. Ke2 h6 36. Kf2 Kf6 37. h4 Ke5 38. Ke2 Kf6 39. Kf2 Ke5 40. Ke2 Kf6 41. Kf2 1/2-1/2


[Site "https://www.chess.com"]

[Event "Titled Tuesday Blitz March 28 Late 2023"]
[White "Maranhao,Jose Renato Ruiz"]
[Black "Torres Dominguez, David"]
[WhiteFideId "2135175"]
[BlackFideId "2220857"]
[WhiteElo "1970"]
[BlackElo "1999"]
[Result "1-0"]
[Round "04"]
[TimeControl "180+2"]
[Date "2023.03.28"]
[WhiteClock "0:00:09"]
[BlackClock "0:00:02"]

1. e4 Nc6 2. d4 e5 3. dxe5 Nxe5 4. Nf3 Qf6 5. Nxe5 Qxe5 6. Bd3 Bb4+ 7. c3 Bc5 8. O-O Ne7 9. Nd2 O-O 10. Kh1 d6 11. f4 Qf6 12. Qh5 Qg6 13. Qh4 f6 14. f5 Qg5 15. Bc4+ d5 16. Qxg5 fxg5 17. exd5 Bxf5 18. d6+ Kh8 19. dxe7 Rf6 20. Nb3 Bxe7 21. Bxg5 Be4 22. Bxf6 Bxf6 23. Rae1 Re8 24. Nc5 Bc6 25. Rxe8+ Bxe8 26. Nxb7 h6 27. Rxf6 gxf6 28. Nc5 f5 29. Ne6 c6 30. g3 Kh7 31. Kg2 Kg6 32. Kf3 Kf6 33. Nd4 Bd7 34. Kf4 c5 35. Nb5 a6 36. Na3 Bc8 37. Nc2 Bb7 38. Ne3 a5 39. Nxf5 Bc8 40. Nd6 Bd7 41. Ne4+ Ke7 42. Nxc5 Bc6 43. Ne4 a4 44. a3 Bb7 45. Bd3 Bc6 46. Bc2 Bb7 47. h4 Bc6 48. Nc5 Kd6 49. Nxa4 Bd5 50. b4 Be6 51. Nb2 Bf7 52. c4 Kc6 53. c5 Be8 54. Be4+ Kb5 55. Ke5 Bf7 56. Kd6 Bg6 57. Bxg6 1-0


[Site "https://www.chess.com"]

[Event "Titled Tuesday Blitz March 28 Late 2023"]
[White "Maghsoodloo, Parham"]
[Black "Nakamura, Hikaru"]
[WhiteFideId "12539929"]
[BlackFideId "2016192"]
[WhiteElo "2647"]
[BlackElo "2879"]
[Result "0-1"]
[Round "05"]
[TimeControl "180+2"]
[Date "2023.03.28"]
[WhiteClock "0:00:02"]
[BlackClock "0:00:06"]

1. d4 Nf6 2. c4 e6 3. Nf3 Bb4+ 4. Bd2 c5 5. Bxb4 cxb4 6. Qd3 b6 7. Nbd2 a5 8. e4 d6 9. h3 O-O 10. Qe3 Bb7 11. Bd3 Nfd7 12. O-O e5 13. Rfe1 Nc6 14. Rad1 Re8 15. Nf1 Qc7 16. Ng3 g6 17. Bf1 Rad8 18. Rd2 Nf6 19. dxe5 dxe5 20. Rxd8 Nxd8 21. Qg5 Nd7 22. Qh6 f6 23. h4 Nf7 24. Qe3 h5 25. a3 bxa3 26. Qxa3 Nc5 27. b4 axb4 28. Qxb4 Rd8 29. Rb1 Rd6 30. Qe1 Nd8 31. Qe3 Nde6 32. Nd2 Nf4 33. Nb3 Nce6 34. c5 bxc5 35. Bc4 Kg7 36. Bxe6 Nxe6 37. Rc1 c4 38. Nd2 Ba6 39. Ne2 Qd7 40. Nf3 Bb5 41. Kh2 Qc7 42. Nc3 Bc6 43. Ra1 Rd3 44. Qc1 Nd4 45. Nd2 Qd7 46. Ra2 Qg4 47. Nxc4 Nf3+ 48. gxf3 Rxf3 49. Ra7+ Kg8 50. Qf1 Qxh4+ 51. Kg1 Rxc3 52. Nd6 Qg4+ 53. Kh2 Bd7 54. Qg2 Rh3+ 55. Kg1 Qd1+ 0-1


[Site "https://www.chess.com"]

[Event "Titled Tuesday Blitz March 28 Late 2023"]
[White "Bortnyk, Olexandr"]
[Black "Anton Guijarro, David"]
[WhiteFideId "14120828"]
[BlackFideId "2285525"]
[WhiteElo "2734"]
[BlackElo "2618"]
[Result "1-0"]
[Round "05"]
[TimeControl "180+2"]
[Date "2023.03.28"]
[WhiteClock "0:00:07"]
[BlackClock "0:00:07"]

1. d4 Nf6 2. Nc3 d5 3. Bf4 e6 4. Nb5 Bb4+ 5. c3 Ba5 6. a4 a6 7. b4 Bxb4 8. cxb4 axb5 9. axb5 Rxa1 10. Qxa1 Nh5 11. Be5 Nd7 12. e3 O-O 13. h4 Nhf6 14. Bh2 Ne4 15. Nf3 Nb6 16. Bd3 Bd7 17. O-O Nc4 18. Bxc4 dxc4 19. Qa5 b6 20. Qa7 Qb8 21. Qxc7 Qxc7 22. Bxc7 Ra8 23. Bxb6 Ra2 24. d5 c3 25. d6 Nxd6 26. Rc1 Nxb5 27. Nd4 Nxd4 28. Bxd4 c2 29. Kf1 f6 30. Ke2 e5 31. Bc5 Ba4 32. Kd3 Rb2 33. f3 Kf7 34. h5 g6 35. hxg6+ hxg6 36. e4 Ke6 37. Kc3 Rb1 38. Be3 f5 39. Kc4 fxe4 40. fxe4 Kd6 41. Bd2 Kc6 42. Bh6 Bb5+ 43. Kc3 Ba4 44. Kc4 Rb2 45. Bg7 Kd6 46. Bf8+ Ke6 47. Bh6 Ra2 48. Rf1 Ra3 49. Bc1 Rb3 50. Bg5 Rb1 51. Bc1 Bc6 52. Kc3 Bxe4 53. Re1 Kd5 54. g4 g5 55. b5 Rxb5 56. Bxg5 Rc5+ 57. Kb2 Rb5+ 58. Kc3 Rb1 59. Rc1 Bg6 60. Kd2 Rb2 61. Bf6 Rb1 62. Bg5 Kd4 63. Be3+ Kc4 64. Bg5 Bd3 65. Re1 e4 66. Rc1 Kd5 67. Be3 Ke5 68. g5 Kf5 69. Kc3 Rb7 70. Kd2 Rc7 71. Rg1 Kg6 72. Rh1 Rd7 73. Rh6+ Kg7 74. Kc1 Rb7 75. Bd4+ Kg8 76. Rh8+ Kf7 77. Rh7+ Kg6 78. Rxb7 Kxg5 79. Be3+ Kg4 80. Kd2 Kf3 81. Rf7+ Kg3 82. Ke1 Kg4 83. Rf4+ Kg3 84. Rf8 Kg2 85. Bc1 Kg3 86. Kd2 Kg4 87. Ke3 Kg5 88. Kf2+ Kg6 89. Kg3 Kg7 90. Rf2 Kg6 91. Be3 Kg7 92. Kh4 Kg6 93. Kg4 Bc4 94. Rxc2 1-0


[Site "https://www.chess.com"]

[Event "Titled Tuesday Blitz March 28 Late 2023"]
[White "Paravyan, David"]
[Black "Caruana, Fabiano"]
[WhiteFideId "4194985"]
[BlackFideId "2020009"]
[WhiteElo "2577"]
[BlackElo "2818"]
[Result "1/2-1/2"]
[Round "05"]
[TimeControl "180+2"]
[Date "2023.03.28"]
[WhiteClock "0:00:06"]
[BlackClock "0:00:14"]

1. e4 e5 2. Nf3 Nf6 3. Nxe5 d6 4. Nf3 Nxe4 5. d4 d5 6. Bd3 Be7 7. O-O Bf5 8. Re1 O-O 9. Nbd2 Nd6 10. Nf1 Bxd3 11. Qxd3 c6 12. Bf4 Na6 13. c3 Nc7 14. h4 Re8 15. Ne3 Ne6 16. Bxd6 Bxd6 17. g3 Bf8 18. Re2 Qf6 19. Ne5 Nc5 20. dxc5 Qxe5 21. Rae1 Qe4 22. Qxe4 Rxe4 23. b4 a5 24. a3 axb4 25. axb4 g6 26. Nc2 Rc4 27. Re3 Bh6 28. Rd3 Bg7 29. Re7 Rxc3 30. Rxc3 Bxc3 31. Rxb7 Ra2 32. Ne3 d4 33. Nc4 d3 34. Kg2 d2 35. Ne3 Ra1 36. b5 Bd4 37. bxc6 Bxe3 38. Rd7 Rc1 39. fxe3 Rxc5 40. Rxd2 Rxc6 41. Kf3 Kg7 42. Rd4 Rf6+ 43. Kg2 Re6 44. Kf3 h5 45. Ra4 Rf6+ 46. Ke2 Re6 47. Kf3 Rf6+ 48. Ke2 Rf5 49. Ra6 g5 50. hxg5 Rxg5 51. Kf3 Rf5+ 52. Kg2 Rg5 53. Kf3 Rf5+ 54. Kg2 Rg5 55. Kf3 1/2-1/2


[Site "https://www.chess.com"]

[Event "Titled Tuesday Blitz March 28 Late 2023"]
[White "Firouzja, Alireza"]
[Black "Kamsky, Gata"]
[WhiteFideId "12573981"]
[BlackFideId "2000024"]
[WhiteElo "2904"]
[BlackElo "2666"]
[Result "1/2-1/2"]
[Round "05"]
[TimeControl "180+2"]
[Date "2023.03.28"]
[WhiteClock "0:00:04"]
[BlackClock "0:00:07"]

1. e4 e5 2. Nf3 Nc6 3. Bb5 a6 4. Ba4 Nf6 5. O-O Be7 6. d3 d6 7. c3 O-O 8. h3 b5 9. Bb3 Na5 10. Bc2 c5 11. d4 cxd4 12. cxd4 Nc6 13. Nc3 Nxd4 14. Nxd4 exd4 15. Qxd4 Bb7 16. Bb3 Nd7 17. Nd5 Nc5 18. Bc2 Rc8 19. Be3 Bxd5 20. Qxd5 Bf6 21. Rab1 Qe7 22. Rfd1 Rfd8 23. b4 Na4 24. Bxa4 bxa4 25. Rbc1 Rxc1 26. Rxc1 h6 27. Rc6 Rb8 28. Qc4 Qe6 29. Qxe6 fxe6 30. Bd2 d5 31. Rxa6 Rc8 32. exd5 exd5 33. Rxa4 Rc2 34. Bf4 d4 35. Ra6 Kf7 36. Ra7+ Ke6 37. Rc7 Rxa2 38. Rc1 Rb2 39. Rd1 Rxb4 40. Kf1 Kd5 41. Bd2 Rb2 42. Be1 Kc4 43. Rc1+ Kd5 44. Rd1 Kc4 45. Rc1+ Kd5 46. Rd1 1/2-1/2


[Site "https://www.chess.com"]

[Event "Titled Tuesday Blitz March 28 Late 2023"]
[White "Drygalov, Andrey"]
[Black "Fedoseev, Vladimir"]
[WhiteFideId "24171735"]
[BlackFideId "24130737"]
[WhiteElo "2471"]
[BlackElo "2752"]
[Result "0-1"]
[Round "05"]
[TimeControl "180+2"]
[Date "2023.03.28"]
[WhiteClock "0:00:07"]
[BlackClock "0:00:54"]

1. e4 c5 2. Nf3 d6 3. d4 cxd4 4. Nxd4 Nf6 5. Nc3 a6 6. Be3 e5 7. Nb3 Be6 8. f3 Nbd7 9. Qd2 b5 10. O-O-O Nb6 11. Qf2 Nfd7 12. Kb1 Be7 13. Na5 Na4 14. Nxa4 Bxa2+ 15. Kxa2 Qxa5 16. Qd2 Qxa4+ 17. Kb1 Rc8 18. g4 O-O 19. g5 Rc6 20. b3 Qa3 21. Bh3 Nb6 22. Qc1 Qa5 23. Qb2 Rb8 24. Bd2 b4 25. Be3 Rc3 26. Rhe1 Nc4 27. bxc4 b3 28. cxb3 Rcxb3 29. Re2 Qa3 30. Bc1 Rxb2+ 31. Rxb2 Rxb2+ 32. Bxb2 Qxf3 0-1


[Site "https://www.chess.com"]

[Event "Titled Tuesday Blitz March 28 Late 2023"]
[White "Svane, Rasmus"]
[Black "Terry, Renato"]
[WhiteFideId "4657101"]
[BlackFideId "3803457"]
[WhiteElo "2597"]
[BlackElo "2579"]
[Result "1-0"]
[Round "05"]
[TimeControl "180+2"]
[Date "2023.03.28"]
[WhiteClock "0:00:38"]
[BlackClock "0:00:02"]

1. Nf3 b6 2. g3 Bb7 3. Bg2 c5 4. O-O g6 5. d4 cxd4 6. Qxd4 Nf6 7. c4 Bg7 8. Nc3 O-O 9. Qh4 d6 10. Rd1 Nbd7 11. Be3 Rc8 12. Rac1 Re8 13. b3 a6 14. Bh3 Rc7 15. Bd4 Qb8 16. Nd5 Bxd5 17. cxd5 Rec8 18. Rxc7 Rxc7 19. a4 h6 20. Bxd7 Rxd7 21. Bxf6 exf6 22. Rc1 b5 23. Rc6 Qb7 24. axb5 Qxb5 25. Qc4 f5 26. Qxb5 axb5 27. Rb6 Kf8 28. Rxb5 Ra7 29. e3 Ra2 30. Kf1 Rb2 31. Rb7 Ke8 32. Ne1 Rb1 33. Ke2 Rb2+ 34. Kf3 Rd2 35. h3 g5 36. g4 fxg4+ 37. hxg4 Bc3 38. b4 Rxd5 39. Nc2 Rd2 40. Na3 d5 41. Nb1 Rc2 42. Rc7 d4 43. exd4 Rb2 44. Nxc3 Rxb4 45. Ke4 1-0


[Site "https://www.chess.com"]

[Event "Titled Tuesday Blitz March 28 Late 2023"]
[White "Xiong, Jeffery"]
[Black "Svane, Frederik"]
[WhiteFideId "2047640"]
[BlackFideId "12923044"]
[WhiteElo "2726"]
[BlackElo "2502"]
[Result "1-0"]
[Round "05"]
[TimeControl "180+2"]
[Date "2023.03.28"]
[WhiteClock "0:01:01"]
[BlackClock "0:00:08"]

1. e4 c5 2. Nf3 e6 3. c3 d5 4. e5 Bd7 5. d4 Nc6 6. Be2 Nge7 7. Na3 Ng6 8. Nc2 cxd4 9. cxd4 f6 10. exf6 Qxf6 11. Bg5 Qf7 12. Bd3 Nf4 13. O-O Bd6 14. Bh4 O-O 15. Bxh7+ Kh8 16. Bd3 Qh5 17. Bg3 Be8 18. Re1 Nxd3 19. Qxd3 Bg6 20. Qd2 Bxg3 21. hxg3 Be4 22. Ne5 Rf6 23. f3 Rh6 24. Kf2 Nxe5 25. dxe5 Rf8 26. Nd4 Qxe5 27. Rh1 Rxh1 28. Rxh1+ Kg8 29. Re1 Qf6 30. Kg1 e5 31. Nb3 Qb6+ 32. Qe3 Qxe3+ 33. Rxe3 Bc2 34. Rxe5 Bxb3 35. axb3 Rf6 36. Rxd5 Rb6 37. Rd3 Kf7 38. Kf2 a5 39. g4 Rb4 40. Ke3 b5 41. f4 a4 42. g5 Ke6 43. g4 g6 44. bxa4 bxa4 45. Rd4 Rb3+ 46. Ke4 Rxb2 47. Rxa4 Re2+ 48. Kf3 Re1 49. Ra6+ Kf7 50. Ra7+ Kf8 51. f5 Rf1+ 52. Ke4 Re1+ 53. Kd5 Rg1 54. Ke6 Rxg4 55. Kf6 1-0


[Site "https://www.chess.com"]

[Event "Titled Tuesday Blitz March 28 Late 2023"]
[White "Sadhwani, Raunak"]
[Black "Movahed, Sina"]
[WhiteFideId "35093487"]
[BlackFideId "42520835"]
[WhiteElo "2631"]
[BlackElo "2225"]
[Result "1-0"]
[Round "05"]
[TimeControl "180+2"]
[Date "2023.03.28"]
[WhiteClock "0:00:11"]
[BlackClock "0:00:11"]

1. Nf3 Nf6 2. b3 g6 3. Bb2 Bg7 4. g3 O-O 5. Bg2 c5 6. c4 d6 7. O-O e5 8. d3 Nc6 9. Nc3 h6 10. h3 Be6 11. Rc1 Rc8 12. Kh2 b6 13. e4 Nd4 14. Nxd4 cxd4 15. Ne2 b5 16. f4 bxc4 17. bxc4 Qa5 18. Qc2 h5 19. Rb1 Nd7 20. f5 gxf5 21. exf5 Bd5 22. Bc3 dxc3 23. Bxd5 Nf6 24. Bb7 Rc7 25. Nxc3 h4 26. g4 e4 27. Rb5 exd3 28. Qxd3 Qa3 29. g5 Nd7 30. f6 Nc5 31. Qf3 Nxb7 32. fxg7 Re8 33. Rxb7 Rxb7 34. Qxb7 Re2+ 35. Nxe2 1-0


[Site "https://www.chess.com"]

[Event "Titled Tuesday Blitz March 28 Late 2023"]
[White "Mendonca, Leon Luke"]
[Black "Martinez Alcantara, Jose Eduardo"]
[WhiteFideId "35028561"]
[BlackFideId "3805662"]
[WhiteElo "2464"]
[BlackElo "2712"]
[Result "0-1"]
[Round "05"]
[TimeControl "180+2"]
[Date "2023.03.28"]
[WhiteClock "0:00:01"]
[BlackClock "0:00:13"]

1. e4 c5 2. Nf3 d6 3. Bb5+ Nd7 4. a4 a6 5. Be2 b6 6. d4 cxd4 7. Qxd4 Bb7 8. Nc3 Ngf6 9. O-O Rc8 10. Rd1 e5 11. Qe3 Be7 12. Nd2 Qc7 13. Nc4 O-O 14. b3 Nc5 15. f3 Nxb3 16. cxb3 d5 17. Qf2 dxc4 18. Bxc4 Bb4 19. Ne2 Bxe4 20. fxe4 Bc5 21. Be3 Ng4 22. Bxc5 Nxf2 23. Bxf2 b5 24. axb5 axb5 25. Bd5 Qc2 26. Ng3 g6 27. h3 Rfd8 28. Nf1 h5 29. Bh4 Rd7 30. Ne3 Qe2 31. Re1 Qd2 32. Rad1 Qb4 33. Rf1 Kh7 34. Rf3 f5 35. Rdf1 f4 36. Nd1 Rc1 37. Rd3 Kh6 38. Bf6 Qd6 39. Bh4 Qb4 40. Bf2 Rc2 41. h4 Rdc7 42. Be1 Qe7 43. Bf2 Rc1 44. Rf3 R7c2 45. Rd3 Qb4 46. Rf3 Rd2 0-1


[Site "https://www.chess.com"]

[Event "Titled Tuesday Blitz March 28 Late 2023"]
[White "Drygalov, Sergey"]
[Black "Naroditsky, Daniel"]
[WhiteFideId "24171743"]
[BlackFideId "2026961"]
[WhiteElo "2533"]
[BlackElo "2633"]
[Result "1/2-1/2"]
[Round "05"]
[TimeControl "180+2"]
[Date "2023.03.28"]
[WhiteClock "0:00:14"]
[BlackClock "0:00:36"]

1. e4 d6 2. d4 Nf6 3. Nc3 Nc6 4. d5 Nb8 5. h3 g6 6. Nf3 Bg7 7. Bd3 c6 8. O-O O-O 9. Re1 b5 10. a3 a6 11. Bg5 Bb7 12. Qd2 Re8 13. Bf1 Nbd7 14. dxc6 Bxc6 15. a4 Nc5 16. Bxf6 Bxf6 17. Nd4 Bxd4 18. Qxd4 bxa4 19. e5 Ne6 20. Qc4 Bb7 21. Rad1 a3 22. bxa3 Qa5 23. exd6 exd6 24. Qb4 Qxb4 25. axb4 Rac8 26. Re3 Red8 27. Rd2 d5 28. Na4 d4 29. Re5 Rd6 30. Nc5 Nxc5 31. bxc5 Rdc6 32. Rxd4 Rxc5 33. Rxc5 Rxc5 34. Rd7 Bc8 35. Ra7 a5 36. Bd3 Bf5 37. Bxf5 gxf5 38. g3 Kg7 39. Kg2 1/2-1/2


[Site "https://www.chess.com"]

[Event "Titled Tuesday Blitz March 28 Late 2023"]
[White "Lazavik, Denis"]
[Black "Rustemov, Alexander"]
[WhiteFideId "13515110"]
[BlackFideId "4119002"]
[WhiteElo "2560"]
[BlackElo "2868"]
[Result "1/2-1/2"]
[Round "05"]
[TimeControl "180+2"]
[Date "2023.03.28"]
[WhiteClock "0:00:04"]
[BlackClock "0:00:13"]

1. d4 d5 2. c4 c6 3. Nf3 Nf6 4. Qc2 e6 5. e3 Nbd7 6. b3 Ne4 7. Be2 f5 8. O-O Qf6 9. Ba3 Bxa3 10. Nxa3 O-O 11. Qb2 Qh6 12. Nc2 Rf6 13. Nce1 g5 14. Nd3 g4 15. Nfe5 Ng5 16. Nf4 Qh4 17. g3 Nh3+ 18. Kh1 Qh6 19. f3 gxf3 20. Bxf3 Nxf4 21. gxf4 Nxe5 22. dxe5 Rg6 23. Qa3 Bd7 24. Qd6 Be8 25. Rg1 Bf7 26. cxd5 cxd5 27. Qc5 Qh3 28. Rxg6+ hxg6 29. Bg2 Qh4 30. Qc3 Qf2 31. a4 Kg7 32. Rf1 Qe2 33. Qe1 Qd3 34. b4 Rc8 35. Rg1 Rc3 36. Qh4 Qxe3 37. Qf6+ Kf8 38. Qd8+ Be8 39. Qf6+ Bf7 40. Qd8+ Be8 41. Qf6+ Bf7 1/2-1/2


[Site "https://www.chess.com"]

[Event "Titled Tuesday Blitz March 28 Late 2023"]
[White "Shankland, Sam"]
[Black "Bluebaum, Matthias"]
[WhiteFideId "2004887"]
[BlackFideId "24651516"]
[WhiteElo "2638"]
[BlackElo "2638"]
[Result "0-1"]
[Round "05"]
[TimeControl "180+2"]
[Date "2023.03.28"]
[WhiteClock "0:00:38"]
[BlackClock "0:00:02"]

1. d4 d5 2. c4 e6 3. Nf3 Nf6 4. Nc3 Bb4 5. Qa4+ Nc6 6. Bd2 dxc4 7. a3 Bxc3 8. Bxc3 Qd5 9. Nd2 b5 10. Qd1 Bb7 11. e3 O-O 12. f3 Qd6 13. b3 Nd5 14. Ne4 Nxc3 15. Nxc3 e5 16. d5 Na5 17. bxc4 bxc4 18. Rb1 Qc5 19. Kf2 Nb3 20. Qc2 Ba6 21. Be2 Nd4 22. exd4 exd4 23. Ne4 Qxd5 24. Rhd1 f5 25. Nc3 Qe5 26. Qa4 dxc3 27. Bxc4+ Bxc4 28. Qxc4+ Kh8 29. f4 Qf6 30. Rbc1 Rad8 31. Rxd8 Rxd8 32. Qxc3 Qh4+ 33. Qg3 Qf6 34. Qe3 Qd6 35. Rc5 g6 36. Re5 Qc6 37. Kg3 Qc2 38. Rc5 Qe4 39. Qc3+ Kg8 40. Rxc7 Rd3+ 0-1


[Site "https://www.chess.com"]

[Event "Titled Tuesday Blitz March 28 Late 2023"]
[White "Sjugirov, Sanan"]
[Black "Timmermans, Mark"]
[WhiteFideId "4189302"]
[BlackFideId "1026399"]
[WhiteElo "2569"]
[BlackElo "2460"]
[Result "1-0"]
[Round "05"]
[TimeControl "180+2"]
[Date "2023.03.28"]
[WhiteClock "0:00:54"]
[BlackClock "0:01:45"]

1. e4 e5 2. Nf3 Nc6 3. Bb5 f5 4. d3 fxe4 5. dxe4 Nf6 6. O-O d6 7. Qd3 Be7 8. Bc4 Na5 9. Ng5 Nxc4 10. Qxc4 Rf8 11. Nc3 h6 12. Ne6 Bxe6 13. Qxe6 Qd7 14. Qc4 Qc6 15. Qd3 O-O-O 16. Be3 d5 17. exd5 Nxd5 18. Nxd5 Rxd5 19. Qe2 a6 20. Qg4+ Rd7 21. Qxg7 Rf6 22. Rad1 Rg6 23. Qh8+ Rd8 24. Rxd8+ Bxd8 25. g3 Qxc2 26. Qxe5 Rd6 27. Qxd6 cxd6 28. Rc1 Qxc1+ 29. Bxc1 h5 30. Kf1 Kd7 31. Ke2 Ke6 32. f3 1-0


[Site "https://www.chess.com"]

[Event "Titled Tuesday Blitz March 28 Late 2023"]
[White "Talibov, Shiroghlan"]
[Black "Horvath, Dominik"]
[WhiteFideId "13429078"]
[BlackFideId "1642561"]
[WhiteElo "2218"]
[BlackElo "2407"]
[Result "1-0"]
[Round "05"]
[TimeControl "180+2"]
[Date "2023.03.28"]
[WhiteClock "0:00:06"]
[BlackClock "0:00:05"]

1. d4 Nf6 2. c4 e6 3. Nf3 d5 4. Nc3 Bb4 5. Qa4+ Nc6 6. e3 O-O 7. Bd2 Re8 8. Qc2 Bf8 9. a3 h6 10. Bd3 e5 11. cxd5 Nxd4 12. exd4 e4 13. Nxe4 Nxe4 14. Bxe4 f5 15. Ne5 fxe4 16. Qxe4 Qf6 17. O-O Bf5 18. Qf3 Rad8 19. Rfe1 Bd6 20. Bc3 Rf8 21. Nc4 Qg6 22. Nxd6 cxd6 23. Qg3 Qf7 24. Re3 Qxd5 25. Rae1 Rf7 26. h3 Rdf8 27. Rf3 Be4 28. Rxf7 Rxf7 29. f3 Bf5 30. Kh2 Kh7 31. Qh4 a5 32. Qd8 a4 33. Re8 Kg6 34. Rh8 Bxh3 35. Qh4 Be6 36. Qg3+ Qg5 37. Qxd6 Rf6 38. d5 Qh4+ 39. Kg1 Bf5 40. Qe5 Rf7 41. Re8 Kh7 42. d6 Bd7 43. Re7 Rxe7 44. dxe7 Qg5 45. e8=Q Qc1+ 46. Qe1 Qf4 47. Q8e4+ Qxe4 48. Qxe4+ Kg8 49. Qe5 Kf8 50. Qxg7+ Ke8 51. Bf6 Be6 52. Qe7# 1-0


[Site "https://www.chess.com"]

[Event "Titled Tuesday Blitz March 28 Late 2023"]
[White "Vachier-Lagrave, Maxime"]
[Black "Urazayev, Arystanbek"]
[WhiteFideId "623539"]
[BlackFideId "13709810"]
[WhiteElo "2740"]
[BlackElo "2479"]
[Result "1-0"]
[Round "05"]
[TimeControl "180+2"]
[Date "2023.03.28"]
[WhiteClock "0:01:25"]
[BlackClock "0:00:20"]

1. e4 c6 2. d4 d5 3. e5 c5 4. dxc5 e6 5. c3 Nc6 6. Nf3 Bxc5 7. b4 Be7 8. Bd3 f6 9. Bf4 g5 10. exf6 gxf4 11. fxe7 Qxe7 12. O-O Bd7 13. Re1 O-O-O 14. Nbd2 Nf6 15. b5 Na5 16. Ne5 Rhf8 17. Qa4 b6 18. Qb4 Qc5 19. Ndf3 Be8 20. Nd4 Rd6 21. Re2 Nd7 22. Nef3 Bf7 23. Rae1 Re8 24. Ng5 Bg8 25. Ngxe6 Bxe6 26. Rxe6 Rdxe6 27. Rxe6 Rf8 28. h3 Nc4 29. Rc6+ 1-0


[Site "https://www.chess.com"]

[Event "Titled Tuesday Blitz March 28 Late 2023"]
[White "Erigaisi Arjun"]
[Black "Adewumi, Tanitoluwa"]
[WhiteFideId "35009192"]
[BlackFideId "30966396"]
[WhiteElo "2737"]
[BlackElo "2751"]
[Result "1-0"]
[Round "05"]
[TimeControl "180+2"]
[Date "2023.03.28"]
[WhiteClock "0:00:51"]
[BlackClock "0:00:03"]

1. b3 Nf6 2. Bb2 g6 3. g3 Bg7 4. Bg2 d5 5. Nf3 O-O 6. c4 c5 7. cxd5 Nxd5 8. Bxg7 Kxg7 9. O-O Nc6 10. d4 cxd4 11. Nxd4 e5 12. Nxc6 bxc6 13. Qc2 Qf6 14. Nd2 Bg4 15. Ne4 Qe7 16. Rac1 Rac8 17. h3 Bf5 18. Qb2 f6 19. Nc5 Nb6 20. e4 Be6 21. f4 Bf7 22. fxe5 Qxe5 23. Qxe5 fxe5 24. h4 Bg8 25. Nd3 Rxf1+ 26. Kxf1 Kf6 27. Rc5 Nd7 28. Ra5 Rc7 29. Bh3 Be6 30. Bxe6 Kxe6 31. Ke2 Kd6 32. Kd2 Rb7 33. Kc3 Rc7 34. b4 Rb7 35. a4 Rc7 36. Nb2 Rb7 37. Nc4+ Ke6 38. g4 h5 39. g5 Rc7 40. Nb2 Nb6 41. Nd3 Nd7 42. Ra6 Nb8 43. Nc5+ Kd6 44. Ra5 Nd7 45. Nxd7 Rxd7 46. Ra6 Rb7 47. Kc4 Rc7 48. b5 Kd7 49. Kb4 cxb5 50. axb5 Rc1 51. Rxa7+ Ke6 52. Ra6+ Kd7 53. Rxg6 Re1 54. b6 Rxe4+ 55. Kc5 Re1 56. Rg7+ Kc8 57. g6 Rc1+ 58. Kd5 Rb1 59. b7+ Kb8 60. Kxe5 Re1+ 61. Kf6 Rf1+ 62. Kg5 Rg1+ 63. Kxh5 Rd1 64. Rf7 Rd5+ 65. Kh6 Rd8 66. g7 Rg8 67. Kh7 Rd8 68. g8=Q Rf8 69. Qxf8+ Ka7 70. b8=Q+ Ka6 71. Qa3# 1-0


[Site "https://www.chess.com"]

[Event "Titled Tuesday Blitz March 28 Late 2023"]
[White "Kollars, Dmitrij"]
[Black "Flores, Diego"]
[WhiteFideId "12909572"]
[BlackFideId "108049"]
[WhiteElo "2584"]
[BlackElo "2606"]
[Result "1-0"]
[Round "05"]
[TimeControl "180+2"]
[Date "2023.03.28"]
[WhiteClock "0:00:09"]
[BlackClock "0:00:10"]

1. e4 c5 2. c3 Nf6 3. e5 Nd5 4. Bc4 Nb6 5. Bb3 Nc6 6. d4 cxd4 7. cxd4 d6 8. e6 Bxe6 9. d5 Bd7 10. dxc6 Bxc6 11. Nf3 e5 12. O-O Be7 13. Nc3 O-O 14. Be3 Nd7 15. Nd5 Nf6 16. Qd2 a5 17. a3 a4 18. Ba2 Nxd5 19. Bxd5 Ra5 20. Bxc6 bxc6 21. Rac1 c5 22. Rfd1 Qa8 23. Qc3 Rb5 24. Nd2 Rfb8 25. Nc4 Qc6 26. Qd3 Rb3 27. Qd5 Qxd5 28. Rxd5 f6 29. h3 Kf7 30. Nxd6+ Ke6 31. Rcd1 Rxb2 32. Nc4 Rb1 33. Kh2 Rxd1 34. Rxd1 Rb3 35. Rc1 Kd5 36. Kg1 e4 37. Kf1 f5 38. g3 Bf6 39. Nd2 Rc3 40. Rxc3 Bxc3 41. Ke2 Bb2 42. Nb1 Kc4 43. Kd1 Kb3 44. Bxc5 Be5 45. Nd2+ Kc3 46. Bb4+ Kd3 47. Ke1 Bd4 48. Nf1 g5 49. Nd2 f4 50. gxf4 gxf4 51. f3 e3 52. Ne4 Bb2 53. Nc5+ Kc2 54. Nxa4 Bc1 55. Ke2 Bd2 56. Nc5 Bc1 57. Nd3 Bd2 58. Nxf4 1-0


[Site "https://www.chess.com"]

[Event "Titled Tuesday Blitz March 28 Late 2023"]
[White "Duda, Jan-Krzysztof"]
[Black "Oro, Faustino"]
[WhiteFideId "1170546"]
[BlackFideId "20000197"]
[WhiteElo "2790"]
[BlackElo "1984"]
[Result "1-0"]
[Round "05"]
[TimeControl "180+2"]
[Date "2023.03.28"]
[WhiteClock "0:00:57"]
[BlackClock "0:00:05"]

1. b4 Nf6 2. Bb2 e6 3. a3 Be7 4. Nf3 O-O 5. e3 b6 6. c4 Bb7 7. Be2 d5 8. cxd5 exd5 9. O-O Re8 10. b5 a6 11. a4 axb5 12. axb5 Rxa1 13. Bxa1 Bd6 14. Bb2 Qe7 15. Qb3 Nbd7 16. d4 Ne4 17. Ba3 Ra8 18. Bxd6 Qxd6 19. Rc1 Ndf6 20. Ne5 Ne8 21. h3 h6 22. Nc3 N8f6 23. Nxe4 Nxe4 24. Bd3 Nf6 25. Qc3 Ne8 26. Bf5 Bc8 27. Bxc8 Rxc8 28. Ra1 Nf6 29. Qc6 Qxc6 30. Nxc6 Kf8 31. Rc1 Ne8 32. Nb4 Rd8 33. g4 Rd7 34. Ra1 f6 35. Kg2 Kf7 36. Nc6 Nd6 37. Rb1 Ke6 38. h4 Nc4 39. h5 Nd6 40. Kf3 Nc4 41. Ke2 Nd6 42. Kd3 f5 43. gxf5+ Kxf5 44. f3 Ke6 45. e4 Rf7 46. Nd8+ 1-0


[Site "https://www.chess.com"]